 Dungeon Crawl Stone Soup version 0.27.1-1-g398f81649c (webtiles) character file.

Game seed: 14233241346455496259

8 T3K the Vexing (level 2, 0/23 HPs)
             Began as a Gnoll Arcane Marksman on Sept 9, 2021.
             Slain by a jackal (1 damage)
             ... on level 1 of the Dungeon.
             The game lasted 00:01:38 (232 turns).

T3K the Vexing (Gnoll Arcane Marksman)               Turns: 232, Time: 00:01:39

Health: 0/23       AC:  2    Str:  9    XL:     2   Next: 8%
Magic:  5/5        EV: 13    Int: 12    God:
Gold:   13         SH:  0    Dex: 12    Spells: 5/6 levels left

rFire    . . .     SeeInvis .   a - +0 shortbow
rCold    . . .     Faith    .   (shield currently unavailable)
rNeg     . . .     Spirit   .   d - +0 robe
rPois    .         Reflect  .   (no helmet)
rElec    .         Harm     .   (no cloak)
rCorr    .         Rampage  .   (no gloves)
Will     .....                  (no boots)
Stlth    +.........             (no amulet)
HPRegen  0.07/turn              (no ring)
MPRegen  0.09/turn              (no ring)

@: no status effects
A: fangs 1, strong nose, distributed training
a: no special abilities


You were on level 1 of the Dungeon.
You visited 1 branch of the dungeon, and saw 1 of its levels.

You collected 13 gold pieces.

Inventory:

Hand Weapons
 a - a +0 shortbow (weapon)
Missiles
 c - 6 arrows (quivered ammo)
Armour
 b - a +0 leather armour
 d - a +0 robe (worn)


   Skills:
 + Level 2.4 Fighting
 + Level 0.2 Short Blades
 + Level 0.2 Long Blades
 + Level 0.2 Axes
 + Level 0.2 Maces & Flails
 + Level 0.2 Polearms
 + Level 0.2 Staves
 + Level 0.2 Slings
 + Level 4.4 Bows
 + Level 0.2 Crossbows
 + Level 0.2 Throwing
 + Level 0.2 Armour
 + Level 4.4 Dodging
 + Level 0.2 Stealth
 + Level 0.2 Shields
 + Level 0.2 Unarmed Combat
 + Level 2.6 Spellcasting
 + Level 0.1 Conjurations
 + Level 5.3 Hexes
 + Level 0.1 Summonings
 + Level 0.1 Necromancy
 + Level 0.1 Translocations
 + Level 0.1 Transmutations
 + Level 0.1 Fire Magic
 + Level 0.1 Ice Magic
 + Level 0.1 Air Magic
 + Level 0.1 Earth Magic
 + Level 0.1 Poison Magic
 + Level 0.3 Invocations
 + Level 0.2 Evocations


You had 5 spell levels left.
You knew the following spells:

 Your Spells              Type           Power      Damage    Failure   Level
a - Corona                Hex            15%        N/A       2%          1

Your spell library contained the following spells:

 Spells                   Type           Power      Damage    Failure   Level
 Slow                     Hex            14%        N/A       4%          2
 Inner Flame              Hex/Fire       8%         N/A       24%         3
 Portal Projectile        Hex/Tloc       16%        N/A       24%         3
 Cause Fear               Hex            7%         N/A       28%         4


Dungeon Overview and Level Annotations

Branches:
Dungeon (1/15)

Altars:


Innate Abilities, Weirdness & Mutations

You have very sharp teeth.
Your uncanny sense of smell can sniff out nearby items.
Your experience applies equally to all skills.


Message History

You shoot an arrow. The arrow hits the goblin!
You kill the goblin!
The jackal closely misses you. The jackal barely misses you.
The jackal misses you. The jackal barely misses you.
The jackal closely misses you.
There are monsters nearby!
The jackal is outlined in light.
The jackal misses you. The jackal closely misses you. The jackal bites you.
The jackal misses you. The jackal bites you. x4
* * * LOW HITPOINT WARNING * * *
Things that are here:
an arrow; a +0 club; a goblin corpse The jackal bites you but does no damage. x2
The jackal bites you but does no damage.
The jackal misses you. The jackal bites you.
* * * LOW HITPOINT WARNING * * *
The jackal barely misses you.
You are too injured to fight recklessly!
You are too injured to fight recklessly!
Really attack while wielding your +0 shortbow? [Y]es or [N]o only, please.
Really attack while wielding your +0 shortbow?
You clumsily bash the jackal but do no damage.
Your bite misses the jackal.
The jackal is lightly wounded.
The jackal bites you but does no damage.
You clumsily bash the jackal but do no damage.
The jackal is lightly wounded.
The jackal stops glowing.
The jackal bites you.
* * * LOW HITPOINT WARNING * * *
The jackal bites you but does no damage.
The jackal misses you.
You closely miss the jackal. Your bite misses the jackal.
The jackal misses you. The jackal barely misses you.
The jackal closely misses you. x2; The jackal barely misses you. x2
You barely miss the jackal. The jackal bites you.
* * * LOW HITPOINT WARNING * * *
The jackal bites you.
You die...

#.##.(..#
#...(.#.#
#.###...# #
##..## #...#
#...##
##hJ.# #h#[#
#@hg#
######h.##
#........#
#........##
∆
#.........#
#......#..#
#......#..#
#......##.##
#.)....##..#


You could see an endoplasm, 4 jackals and a goblin.

Vanquished Creatures
  2 ball pythons (D:1)
  2 goblins (D:1)
  3 bats (D:1)
  2 rats (D:1)
9 creatures vanquished.

Notes
Turn   | Place    | Note
-------+----------+-------------------------------------------
     0 | D:1      | T3K the Gnoll Arcane Marksman began the quest for the Orb.
     0 | D:1      | Reached XP level 1. HP: 17/17 MP: 4/4
   211 | D:1      | Reached XP level 2. HP: 23/23 MP: 5/5
   232 | D:1      | HP: 1/23 [jackal (1)]
   232 | D:1      | Slain by a jackal

Illustrated notes

Levels and vault maps discovered:
D:1:      amcnicky_arrival_flooded_fountain, layout_basic,
          dreamdust_ecumenical_altar_drowned_temple

Action                   || total
-------------------------++-------
Melee: Shortbow          ||     4
 Fire: Shortbow          ||    24
 Cast: Corona            ||     1
Armor: Robe              ||     9
Dodge: Dodged            ||    37
